 Dungeon Crawl Stone Soup version 0.31.0-32-g396128a36d (webtiles) character file.

Game seed: 5369031803825902039

214 wakim the Covered (level 5, -3/45 HPs)
             Began as an Armataur Fighter on Apr 14, 2024.
             Slain by an ogre
             ... wielding a +0 giant club
              (18 damage)
             ... on level 5 of the Dungeon.
             The game lasted 00:18:48 (3974 turns).

wakim the Covered (Armataur Fighter)                Turns: 3974, Time: 00:18:49

Health: -3/45      AC:  7    Str: 24    XL:     5   Next: 60%
Magic:  5/5        EV:  7    Int:  8    God:
Gold:   261        SH:  5    Dex:  9    Spells: 4/4 levels left

rFire   + . .        a - +1 flail
rCold   . . .        i - +1 buckler
rNeg    . . .        b - +0 scale mail
rPois   .            (no helmet)
rElec   .            (no cloak)
rCorr   .            (no gloves)
SInv    .            (no barding)
Will    +....        (no amulet) Stlth
                     q - ring of willpower
HPRegen 0.27/turn    j - ring of protection from fire
MPRegen 0.75/turn

%: roll
@: no status effects
A: large, deformed body, tough skin 3, armoured tail, roll 1
a: no special abilities


You were on level 5 of the Dungeon.
You visited 1 branch of the dungeon, and saw 5 of its levels.

You collected 261 gold pieces.

Inventory:

Hand Weapons
 a - a +1 flail (weapon)
Missiles
 e - 42 stones (quivered)
Armour
 b - a +0 scale mail (worn)
 i - a +1 buckler (worn)
 k - a +0 chain mail
Jewellery
 j - a ring of protection from fire (right hand)
 q - a ring of willpower (left hand)
Talismans
 p - a dragon-blood talisman
Wands
 g - a wand of polymorph (11)
Scrolls
 c - a scroll of noise
 f - a scroll of identify
 h - 3 scrolls of enchant armour
 o - a scroll of teleportation {unknown}
 r - a scroll of enchant weapon
Potions
 d - 2 potions of might
 m - a potion of invisibility
 n - a potion of resistance
 s - a potion of heal wounds


   Skills:
 + Level 3.5 Fighting
 * Level 3.3 Maces & Flails
 + Level 4.9 Armour
 + Level 4.3 Shields


You had 4 spell levels left.
You didn't know any spells.
Your spell library contained the following spells:

 Spells                   Type           Power      Damage    Failure   Level
 Magic Dart               Conj           0%         1d3       77%         1
 Summon Small Mammal      Summ           0%         N/A       77%         1
 Blink                    Tloc           0%         N/A       88%         2
 Call Imp                 Summ           0%         N/A       88%         2
 Call Canine Familiar     Summ           0%         N/A       98%         3
 Summon Blazeheart Golem  Fire/Summ      0%         N/A       100%        4


Dungeon Overview and Level Annotations

Branches:
Dungeon (5/15)
 Temple: D:4-7

Altars:
Ashenzari
Cheibriados

Shops:
D:2 *(=   D:5 =

Annotations:
D:4 Grinder


Innate Abilities, Weirdness & Mutations

Armour fits poorly on your strangely shaped body.
You have extremely tough skin. (AC +3)
You have a long armoured tail.
You regenerate magic when rolling toward enemies. (Rampage MPRegen)


Message History

The gnoll bouda hits you with a +2 whip of freezing.
The gnoll bouda freezes you.
You closely miss the gnoll bouda.
The gnoll bouda is heavily wounded.
The white imp disappears for a moment.
The gnoll bouda hits you with a +2 whip of freezing.
The gnoll bouda freezes you.
You hit the gnoll bouda.
The gnoll bouda is severely wounded.
You block the gnoll bouda's attack.
You hit the gnoll bouda.
The gnoll bouda is severely wounded.
The adder closely misses you.
The gnoll bouda mumbles some strange prayers to its god.
The gnoll bouda is healed somewhat.
The white imp barely misses you. The adder bites you but does no damage.
You sock the gnoll bouda!
The gnoll bouda is almost dead.
The gnoll bouda hits you with a +2 whip of freezing!
The gnoll bouda freezes you. The white imp gestures at you.
The puff of frost hits you! The adder bites you but does no damage.
You block the gnoll bouda's attack. The white imp gestures at you.
The puff of frost misses you.
You hit the gnoll bouda but do no damage.
The gnoll bouda is almost dead.
You block the adder's attack. x2
The gnoll bouda hits you but does no damage.
The white imp gestures at you. The puff of frost hits you.
* * * LOW HITPOINT WARNING * * *
Blink to where?
Press: ? - help, Dir - move target
As you read the scroll of blinking, it crumbles to dust.
The gnoll bouda mumbles some strange prayers to its god.
The gnoll bouda is healed somewhat.
The white imp grinds its teeth.
The ogre hits you with a +0 giant club!!
You die...

#...##..##..# ####
#.....#...#### ##..####
#.......####.## ##.)....#
#......5##....####.......#
##.#...........##.<......#
##.#...g....#...##....#.##
#..##......#.....#....###
#..#......S#.O.......##
#...........@........#
#..............##...##
#..∩............##...
#...............###...
#.....##...<#.#..# ...
#......#....#.#..# ...#
#..........##.....
#...............#..
#.#.............#


You could see an ogre, a gnoll bouda and an adder.

Vanquished Creatures
  A bombardier beetle (D:5)
  A hound (D:4)
  An iguana (D:5)
  3 gnolls (D:3)
  3 adders
  A ribbon worm (D:2)
  2 orcs
  4 bats
  5 endoplasms
  11 giant cockroaches
  4 hobgoblins
  2 jackals (D:4)
  4 kobolds
  6 quokkas
  4 ball pythons
  4 frilled lizards
  3 goblins
  3 rats
62 creatures vanquished.

Notes
Turn   | Place    | Note
-------+----------+-------------------------------------------
     0 | D:1      | wakim the Armataur Fighter began the quest for the Orb.
     0 | D:1      | Reached XP level 1. HP: 18/18 MP: 1/1
   129 | D:1      | Reached XP level 2. HP: 23/25 MP: 2/2
   542 | D:2      | Found Ehor Nudyu's Antique Weapon Emporium.
   719 | D:2      | Reached XP level 3. HP: 29/31 MP: 3/3
   771 | D:2      | Found Qyffiqea's Jewellery Shop.
   853 | D:2      | Found Pieschuy's General Store.
  2366 | D:3      | Reached XP level 4. HP: 6/38 MP: 4/4
  2673 | D:3      | Found a broken altar of Ashenzari.
  2734 | D:3      | Found a snail-covered altar of Cheibriados.
  3208 | D:4      | Noticed Grinder
  3410 | D:4      | Reached XP level 5. HP: 37/45 MP: 5/5
  3627 | D:5      | Entered Level 5 of the Dungeon
  3633 | D:5      | Noticed an ogre
  3934 | D:5      | Found Raaps's Jewellery Shop.
  3974 | D:5      | Slain by an ogre

Illustrated notes

Levels and vault maps discovered:
D:1:      lemuel_arrival_river_bridge, layout_rooms, st_stairs_5
D:2:      minmay_roachtagon, layout_loops_ring, serial_shops,
          nicolae_square_shop, shop, nicolae_shop_real_fake_doors
D:3:      layout_loops_corners, mainiacjoe_overflow_two_lobes
D:4:      layout_loops_cross, hangedman_abyss_or_decor_passed, kennysheep_dice,
          uniq_grinder
D:5:      minmay_recursive_quarters, layout_cave_pools, serial_column_ruins,
          column_ruins_open_large, column_ruins_grid_1,
          column_ruins_columns_straight, serial_bayou_ford_a,
          minmay_shop_enchanted_jewellery, st_stairs_5, uniq_duvessa

Skill      XL: |  1  2  3  4 |
---------------+-------------+-----
Armour         | 4 |  4.9
Fighting       | 3 |  3.5
Maces & Flails | 2 3 |  3.3
Shields        | 4 |  4.3

Action                     |  1- 3 |  4- 6 || total
---------------------------+-------+-------++-------
  Melee: Flail             |   129 |    56 ||   185
         Tailslap          |    22 |     6 ||    28
    Use: Scroll            |     9 |     5 ||    14
         Potion            |       |     1 ||     1
 Armour: Scale mail        |    94 |    45 ||   139
  Dodge: Dodged            |    47 |    12 ||    59
  Block: Buckler           |    17 |    12 ||    29
         Form:             |     1 |       ||     1
         Dragon            |     1 |       ||     1
